% Time on Ice - BANFF WOLVES
Lines # - Real PCT - Wanted PCT - Time Play
Normal Forward
1 - 33% - 38% - 15:57
2 - 32% - 35% - 15:37
3 - 26% - 22% - 12:46
4 - 9% - 5% - 4:20
Normal Defense
1 - 35% - 38% - 17:13
2 - 37% - 33% - 17:52
3 - 28% - 23% - 13:35
4 - 0% - 6% - 0:00
PP Forward
1 - 54% - 55% - 0:46
2 - 46% - 45% - 0:39
PP Defense
1 - 46% - 55% - 0:39
2 - 54% - 45% - 0:46
PK Forward
1 - 62% - 55% - 3:21
2 - 38% - 45% - 2:02
PK Defense
1 - 58% - 55% - 3:08
2 - 42% - 45% - 2:15
PK3 Forward
1 - 0% - 55%
2 - 0% - 45%
PK3 Defense
1 - 0% - 55%
2 - 0% - 45%
44 Forward
1 - 69% - 55% - 3:07
2 - 31% - 45% - 1:25
44 Defense
1 - 69% - 55% - 3:08
2 - 31% - 45% - 1:24
Last Minute Offensive  - 0:00
Last Minute Defensive  - 0:00
Total
Forward - 60:00
Defense - 60:00
% Time on Ice - LONG BEACH BARACUDAS
Lines # - Real PCT - Wanted PCT - Time Play
Normal Forward
1 - 36% - 36% - 17:41
2 - 32% - 31% - 15:45
3 - 23% - 23% - 11:15
4 - 8% - 10% - 3:59
Normal Defense
1 - 32% - 36% - 15:27
2 - 35% - 31% - 17:02
3 - 29% - 23% - 14:14
4 - 4% - 10% - 1:57
PP Forward
1 - 54% - 55% - 2:54
2 - 46% - 45% - 2:29
PP Defense
1 - 39% - 55% - 2:07
2 - 61% - 45% - 3:16
PK Forward
1 - 72% - 55% - 1:01
2 - 28% - 45% - 0:24
PK Defense
1 - 39% - 55% - 0:33
2 - 61% - 45% - 0:52
PK3 Forward
1 - 0% - 55%
2 - 0% - 45%
PK3 Defense
1 - 0% - 55%
2 - 0% - 45%
44 Forward
1 - 71% - 55% - 3:13
2 - 29% - 45% - 1:19
44 Defense
1 - 46% - 55% - 2:05
2 - 54% - 45% - 2:27
Last Minute Offensive  - 0:00
Last Minute Defensive  - 0:00
Total
Forward - 60:00
Defense - 60:00
Play-by-Play 1st period 0:01 of 1st period - Brock Nelson wins face-off versus Roope Hintz in neutral zone. 0:20 of 1st period - Shot by Seth Jarvis. 0:20 of 1st period - Stopped by John Gibson without a rebound. 0:21 of 1st period - Vincent Trocheck wins face-off versus William Karlsson in BANFF WOLVES zone. 1:15 of 1st period - Jared Spurgeon is hit by Vincent Trocheck and loses puck. 1:19 of 1st period - Icing by Jared Spurgeon. 1:20 of 1st period - Sean Couturier wins face-off versus William Karlsson in LONG BEACH BARACUDAS zone. 1:27 of 1st period - Icing by Jared Spurgeon. 1:28 of 1st period - Roope Hintz wins face-off versus William Karlsson in LONG BEACH BARACUDAS zone. 1:37 of 1st period - Shot by Roope Hintz. 1:37 of 1st period - Shot Blocked by Jared Spurgeon. 1:51 of 1st period - Shot by Roope Hintz. 1:51 of 1st period - Deflect By Alex Tuch. 1:51 of 1st period - Stopped by Jake Oettinger without a rebound. 1:52 of 1st period - Sean Couturier wins face-off versus Nicklas Backstrom in LONG BEACH BARACUDAS zone. 1:52 of 1st period - Dawson Mercer is hit by P.K. Subban and loses puck. 2:28 of 1st period - Off-side. 2:29 of 1st period - Brock Nelson wins face-off versus Roope Hintz in neutral zone. 2:43 of 1st period - Alex Pietrangelo is hit by Esa Lindell. 3:05 of 1st period - Shot by Brady Tkachuk. 3:05 of 1st period - Stopped by Jake Oettinger without a rebound. 3:06 of 1st period - Derek Stepan wins face-off versus Nick Cousins in LONG BEACH BARACUDAS zone. 3:06 of 1st period - Derek Stepan is hit by Nick Cousins. 3:17 of 1st period - Logan O'Connor is hit by P.K. Subban and loses puck. 3:23 of 1st period - Logan O'Connor is hit by P.K. Subban and loses puck. 4:06 of 1st period - Shot by Mats Zuccarello. 4:06 of 1st period - Shot Hit the Post. 4:08 of 1st period - Shot by Mats Zuccarello. 4:08 of 1st period - Shot Blocked by William Karlsson. 4:22 of 1st period - Shot by Mats Zuccarello. 4:22 of 1st period - Shot Misses the Net. 4:24 of 1st period - Shot by Mats Zuccarello. 4:24 of 1st period - Shot Misses the Net. 5:42 of 1st period - Off-side. 5:43 of 1st period - Sean Couturier wins face-off versus Nicklas Backstrom in neutral zone. 5:46 of 1st period - Shot by Sean Couturier. 5:46 of 1st period - Goal by Sean Couturier - BANFF WOLVES : 1 - LONG BEACH BARACUDAS : 0. 5:47 of 1st period - Alex Galchenyuk wins face-off versus Nicklas Backstrom in neutral zone. 5:55 of 1st period - Dawson Mercer is hit by Mitch Reinke and loses puck. 6:03 of 1st period - Nicklas Backstrom is hit by Alex Galchenyuk and loses puck. 6:24 of 1st period - Icing by Jamie Oleksiak. 6:25 of 1st period - Sean Couturier wins face-off versus Brock Nelson in BANFF WOLVES zone. 6:38 of 1st period - Seth Jarvis is hit by Sean Couturier and loses puck. 6:45 of 1st period - Sean Couturier is hit by Taylor Hall and loses puck. 7:00 of 1st period - Minor Penalty to Brock Nelson for Cross-checking. 7:00 of 1st period - Minor Penalty to Alex Galchenyuk for Slashing. 7:01 of 1st period - Vincent Trocheck wins face-off versus Nolan Patrick in neutral zone. 8:22 of 1st period - Sean Couturier is hit by Derrick Pouliot and loses puck. 8:43 of 1st period - Shot by Roope Hintz. 8:43 of 1st period - Goal by Roope Hintz - BANFF WOLVES : 2 - LONG BEACH BARACUDAS : 0. 8:44 of 1st period - Sean Couturier wins face-off versus Nicklas Backstrom in neutral zone. 8:47 of 1st period - Shot by Brady Tkachuk. 8:47 of 1st period - Shot Misses the Net. 9:24 of 1st period - Shot by Brock Nelson. 9:24 of 1st period - Shot Misses the Net. 9:26 of 1st period - Shot by P.K. Subban. 9:26 of 1st period - Shot Misses the Net. 9:28 of 1st period - Shot by Taylor Hall. 9:28 of 1st period - Stopped by John Gibson without a rebound. 9:29 of 1st period - Vincent Trocheck wins face-off versus William Karlsson in BANFF WOLVES zone. 9:38 of 1st period - Shot by Vincent Trocheck. 9:38 of 1st period - Shot Misses the Net. 9:40 of 1st period - Shot by Vincent Trocheck. 9:40 of 1st period - Stopped by Jake Oettinger without a rebound. 9:41 of 1st period - Roope Hintz wins face-off versus Nicklas Backstrom in LONG BEACH BARACUDAS zone. 9:41 of 1st period - Roope Hintz is hit by Jared Spurgeon. 10:47 of 1st period - Icing by Esa Lindell. 10:48 of 1st period - Brock Nelson wins face-off versus Vincent Trocheck in BANFF WOLVES zone. 10:56 of 1st period - Taylor Hall is hit by Esa Lindell and loses puck. 11:09 of 1st period - Shot by Brock Nelson. 11:09 of 1st period - Goal by Brock Nelson - BANFF WOLVES : 2 - LONG BEACH BARACUDAS : 1. 11:10 of 1st period - Jakub Voracek wins face-off versus Sean Couturier in neutral zone. 11:53 of 1st period - Icing by William Karlsson. 11:54 of 1st period - William Karlsson wins face-off versus Vincent Trocheck in LONG BEACH BARACUDAS zone. 12:30 of 1st period - Minor Penalty to Vincent Trocheck for Hooking. 12:31 of 1st period - Craig Smith wins face-off versus Brock Nelson in BANFF WOLVES zone. 12:44 of 1st period - Shot by Seth Jarvis. 12:44 of 1st period - Stopped by John Gibson without a rebound. 12:45 of 1st period - Sean Couturier wins face-off versus Brock Nelson in BANFF WOLVES zone. 14:33 of 1st period - Shot by Brady Tkachuk. 14:33 of 1st period - Goal by Brady Tkachuk - BANFF WOLVES : 3 - LONG BEACH BARACUDAS : 1. 14:34 of 1st period - Roope Hintz wins face-off versus Jakub Voracek in neutral zone. 14:58 of 1st period - Shot by Arthur Kaliyev. 14:58 of 1st period - Shot Misses the Net. 15:02 of 1st period - Shot by Arthur Kaliyev. 15:02 of 1st period - Shot Blocked by Roope Hintz. 15:17 of 1st period - Icing by Roope Hintz. 15:18 of 1st period - Brock Nelson wins face-off versus Roope Hintz in BANFF WOLVES zone. 15:31 of 1st period - Shot by Taylor Hall. 15:31 of 1st period - Stopped by John Gibson without a rebound. 15:32 of 1st period - Sean Couturier wins face-off versus Nicklas Backstrom in BANFF WOLVES zone. 15:32 of 1st period - Sean Couturier is hit by Brock McGinn. 15:52 of 1st period - Shot by Dawson Mercer. 15:52 of 1st period - Deflect By Sean Couturier. 15:52 of 1st period - Stopped by Jake Oettinger without a rebound. 15:53 of 1st period - Brock Nelson wins face-off versus Vincent Trocheck in LONG BEACH BARACUDAS zone. 16:32 of 1st period - Shot by Brock Nelson. 16:32 of 1st period - Stopped by John Gibson with a rebound. 16:34 of 1st period - Shot by Seth Jarvis. 16:34 of 1st period - Stopped by John Gibson without a rebound. 16:35 of 1st period - Roope Hintz wins face-off versus Nicklas Backstrom in BANFF WOLVES zone. 16:52 of 1st period - Shot by Brady Tkachuk. 16:52 of 1st period - Stopped by Jake Oettinger without a rebound. 16:53 of 1st period - Sean Couturier wins face-off versus William Karlsson in LONG BEACH BARACUDAS zone. 18:58 of 1st period - Shot by Robert Fabbri. 18:58 of 1st period - Shot Misses the Net. 19:08 of 1st period - Shot by Brock McGinn. 19:08 of 1st period - Shot Misses the Net. Goals for this period are 3 for BANFF WOLVES vs 1 for LONG BEACH BARACUDAS. Shots for this period are 8 for BANFF WOLVES vs 7 for LONG BEACH BARACUDAS. 2nd period 0:01 of 2nd period - Brock Nelson wins face-off versus Vincent Trochec